Map: Blueshift LE

Players

FLORENCIO - Winner!

  • Race: Protoss Protoss
  • League: Master
  • Spawn Location: 7:00

GutyBLACK

  • Race: Terran Terran
  • League: Master
  • Spawn Location: 1:00

VOD

Have the link to the VOD?

Description

Time

  • Played on: Oct. 27, 2018, 6:29 p.m.
  • Length: 12:14
Show
View Real Time Build Order
Export as new Build Order

FLORENCIO Protoss - Winner!

Build Orders: Cannon Rush 

Get SALT Encoding   

  12  0:01  Probe  
  13  0:13  Probe  
  14  0:23  Pylon  
  14  0:25  Probe  
  15  0:41  Probe  
  15  0:42  Forge  
  16  0:53  Probe  
  17  1:01  Pylon  
  17  1:05  Probe  
  18  1:19  Photon Cannon  
  18  1:22  Photon Cannon  
  18  1:25  Pylon  
  18  1:44  Photon Cannon  
  18  1:49  Photon Cannon  
  18  1:54  Photon Cannon  
  18  2:03  Photon Cannon  
  18  2:16  Photon Cannon  
  18  2:20  Pylon  
  18  2:33  Photon Cannon  
  18  2:40  Gateway  
  18  2:47  Photon Cannon  
  18  2:57  Photon Cannon  
  18  2:59  Photon Cannon  
  18  3:03  Probe  
  19  3:05  Assimilator  
  19  3:15  Pylon  
  18  3:29  Zealot  
  20  3:50  Gateway  
  20  3:52  Cybernetics Core  
  20  3:56  Probe  
  20  3:58  Zealot, Assimilator  
  23  4:12  Probe  
  24  4:21  Pylon  
  24  4:26  Probe  
  24  4:30  Stalker  
  27  4:37  Stalker  
  29  4:41  Photon Cannon  
  29  5:00  Stalker  
  31  5:07  Stalker  
  33  5:21  Photon Cannon  
  33  5:25  Stargate  
  33  5:33  Stalker  
  35  5:49  Stalker  
  37  6:02  Pylon  
  35  6:09  Stalker  
  37  6:19  Stalker  
  37  6:21  Shield Battery  
  37  6:26  Shield Battery  
  32  7:32  Stalker x2  
  32  7:34  Void Ray  
  34  8:02  Stalker x2  
  38  8:17  Void Ray  
  38  8:19  Pylon  
  42  8:21  Pylon  
  42  8:41  Stalker  
  44  8:45  Stalker  
  46  8:51  Void Ray  
  46  9:40  Void Ray  
  48  9:49  Stalker  
  48  9:50  Stalker  
  46  10:23  Void Ray  
  50  11:05  Void Ray  
Show
View Real Time Build Order
Export as new Build Order

GutyBLACK Terran 

Build Orders:  

Get SALT Encoding   

  12  0:01  SCV  
  13  0:13  SCV  
  14  0:18  Supply Depot  
  14  0:25  SCV  
  15  0:34  Refinery  
  15  0:40  SCV  
  16  0:44  Barracks  
  16  0:52  SCV  
  18  1:04  SCV  
  18  1:15  Barracks  
  18  1:19  SCV  
  18  1:23  Supply Depot  
  19  1:32  Marine  
  19  1:37  Orbital Command  
  20  1:50  Marine  
  19  2:03  Marine  
  20  2:12  Marine  
  21  2:20  Supply Depot, SCV  
  22  2:28  Marine  
  21  2:33  Command Center  
  21  2:35  Marine  
  23  2:53  Marine  
  22  2:59  SCV  
  22  3:03  Engineering Bay  
  22  3:04  Factory  
  22  3:05  Supply Depot  
  23  3:11  SCV, Marine  
  24  3:28  Marine  
  23  3:40  Orbital Command  
  17  4:11  SCV  
  17  4:12  Refinery x2  
  17  4:14  Marine  
  19  4:18  SCV  
  19  4:23  SCV  
  21  4:27  Widow Mine  
  21  4:30  SCV  
  24  4:35  SCV  
  25  4:39  Marine  
  25  4:42  SCV, Bunker  
  27  4:47  SCV  
  28  4:56  Cyclone  
  31  5:00  Orbital Command  
  31  5:09  Marine  
  30  5:16  SCV  
  30  5:30  Supply Depot  
  30  5:38  Supply Depot  
  30  5:51  SCV x2, Cyclone  
  35  6:03  SCV, Bunker  
  34  6:04  SCV  
  34  6:05  Marine  
  34  6:06  Factory  
  36  6:12  Refinery x2  
  36  6:13  Supply Depot  
  36  6:15  SCV  
  37  6:19  SCV  
  37  6:22  Marine  
  37  6:24  Cyclone  
  38  6:33  SCV  
  38  6:40  Marine  
  38  6:45  SCV  
  39  6:52  Widow Mine  
  39  6:58  SCV, Marine  
  40  7:01  Orbital Command  
  38  7:10  SCV  
  38  7:22  SCV  
  38  7:28  SCV  
  38  7:46  SCV  
  38  7:48  SCV  
  34  7:55  Cyclone  
  34  7:57  Widow Mine  
  34  7:58  SCV  
  39  8:00  SCV  
  38  8:08  Barracks  
  38  8:10  SCV  
  38  8:11  Barracks  
  38  8:12  Barracks  
  39  8:13  SCV  
  37  8:22  SCV  
  37  8:25  SCV  
  37  8:26  Cyclone  
  39  8:33  Refinery  
  39  8:34  SCV  
  39  8:35  Refinery  
  39  8:37  SCV  
  39  8:49  SCV  
  40  8:57  Supply Depot x2  
  40  8:58  Command Center  
  40  9:06  SCV  
  38  9:19  SCV, Cyclone  
  38  9:20  Cyclone  
  45  9:31  SCV  
  45  9:36  Engineering Bay  
  45  9:43  SCV  
  46  9:55  SCV  
  46  9:59  Factory Tech Lab  
  47  10:01  Cyclone  
  49  10:07  SCV  
  47  10:19  Missile Turret  
  47  10:20  Missile Turret  
  47  10:22  SCV, Orbital Command  
  43  11:07  SCV, Marine x3  
  47  11:25  Marine  
Tags
 
Add a new tag
Caveats
  • Supply blocks, unpowered buildings, or Contaminate may cause inaccurate times.
  • Supply counts are checked every 10 seconds.